 Dungeon Crawl Stone Soup version 0.32-a0-560-g4c7f4391e0 (webtiles) character file.

Game seed: 8426101545063268799

421 lunkers the Cutter (level 6, -1/66 HPs)
             Began as a Coglin Brigand on Feb 29, 2024.
             Was an Initiate of Gozag.
             Slain by Pikel
             ... wielding a +0 whip of freezing
              (7 damage)
             ... on level 4 of the Dungeon.
             The game lasted 00:04:54 (2070 turns).

lunkers the Cutter (Coglin Brigand)                 Turns: 2070, Time: 00:04:55

Health: -1/66      AC: 23    Str: 13    XL:     6   Next: 94%
Magic:  6/6        EV:  2    Int: 10    God:    Gozag
Gold:   84         SH:  0    Dex: 16    Spells: 5/5 levels left

rFire   . . .        a - +2 dagger {Numeria}
rCold   . . .        r - +5 dagger {Ilse}
rNeg    . . .        t - melded +0 troll leather armour
rPois   +            (helmet currently unavailable)
rElec   .            m - melded +0 cloak
rCorr   .            s - melded +0 pair of gloves
SInv    .            (boots currently unavailable)
Will    .....        (no amulet)
Stlth   ++           (no ring)
HPRegen 0.31/turn    (no ring)
MPRegen 0.10/turn    (no gizmo)

%: no passive effects
@: tree-form, revved
A: stationary, stasis, torment immunity, boosted hp, off-hand wielding, slow
wielding, warmup strikes, (no jewelry)
a: Invent Gizmo, Renounce Religion, Potion Petition, Call Merchant, Bribe Branch


You were on level 4 of the Dungeon.
You worshipped Gozag.
Gozag was noncommittal.
You were a tree.
You visited 2 branches of the dungeon, and saw 5 of its levels.

You collected 140 gold pieces.
You paid 56 gold pieces to Gozag.

Inventory:

Hand Weapons
 a - a +2 dagger (weapon) {Numeria}
 j - a +0 dagger {Kyoko}
 r - a +5 dagger (offhand) {Ilse}
Missiles
 d - 21 poisoned darts
 e - 3 curare-tipped darts
Armour
 g - a +0 ring mail
 m - a +0 cloak (melded)
 s - a +0 pair of gloves (melded)
 t - a +0 troll leather armour (melded)
Wands
 b - a wand of warping (6)
Scrolls
 f - 2 scrolls of teleportation
Potions
 c - 2 potions of lignification
 h - 2 potions of mutation
 i - 2 potions of curing
 k - a potion of invisibility
 l - a potion of brilliance {unknown}
 o - a potion of haste {unknown}
 u - a potion of enlightenment {unknown}
 v - a potion of attraction {unknown}


   Skills:
 - Level 2.0 Fighting
 + Level 6.5 Short Blades
 - Level 1.7 Throwing
 - Level 0.8 Dodging
 - Level 3.2 Stealth


You had 5 spell levels left.
You didn't know any spells.
Your spell library contained the following spells:

 Spells                   Type           Power      Damage    Failure   Level
 Ensorcelled Hibernation  Hex/Ice        0%         N/A       50%         2
 Mercury Vapours          Alch/Air       0%         N/A       50%         2
 Fugue of the Fallen      Necr           0%         N/A       75%         3
 Inner Flame              Hex/Fire       0%         N/A       75%         3
 Mephitic Cloud           Conj/Alch/Air  0%         N/A       75%         3
 Anguish                  Hex/Necr       0%         N/A       98%         4
 Flame Wave               Conj/Fire      0%         2d4       98%         4
 Sticky Flame             Fire/Alch      0%         2d4       98%         4
 Freezing Cloud           Conj/Ice/Air   0%         6-21      100%        5


Dungeon Overview and Level Annotations

Branches:
Dungeon (4/15)             Temple (1/1) D:4

Altars:
Ashenzari
Dithmenos
Elyvilon
Gozag
Hepliaklqana
Kikubaaqudgha
Nemelex Xobeh
Ru
Sif Muna
Trog
Wu Jian
Yredelemnul
Zin
The Shining One

Shops:
D:1 ?

Annotations:
D:4 Pikel


Innate Abilities, Weirdness & Mutations

You are a tree.
Your roots penetrate the ground, keeping you stationary.
You cannot be teleported.
You are immune to unholy pain and torment.
Your maximum health is greatly increased.
Your equipment is partially melded.
You can wield a second weapon in your off-hand.
It takes a long time for you to wield or remove held weapons.
Your first few attacks do less damage.
((You cannot equip rings or amulets.))


Message History

Hit: a) +2 dagger {Numeria}
Press: ? - help, Dir - move target, f/p - Pikel
Aim: Pikel, wielding a +0 whip of freezing and wearing a +0 robe (heavily wounded, about 36% to evade your +2 dagger)
You hit Pikel with your +5 dagger.
Pikel is heavily wounded.
You hit Pikel with your +2 dagger.
Pikel hits you with a +0 whip of freezing.
* * * LOW HITPOINT WARNING * * *
Pikel freezes you.
* * * LOW HITPOINT WARNING * * *
Aiming: Warp Space
Press: ? - help, Shift-Dir - straight line, f/p - Pikel
Aim: Pikel, wielding a +0 whip of freezing and wearing a +0 robe (severely wounded)
Okay, then.
Unknown command.
Aiming: Warp Space
Press: ? - help, Shift-Dir - straight line, f/p - Pikel
Aim: Pikel, wielding a +0 whip of freezing and wearing a +0 robe (severely wounded)
Okay, then.
You turn into a tree.
Your +0 cloak melds into your body.
Your +0 pair of gloves melds into your body.
Your +0 troll leather armour melds into your body.
Your roots penetrate the ground.
Pikel hits you but does no damage.
Unknown command.
You hit Pikel but do no damage.
Pikel is severely wounded.
You hit Pikel with your +5 dagger. Pikel hits you but does no damage.
You hit Pikel but do no damage.
Pikel is severely wounded.
You barely miss Pikel with your +5 dagger.
You hit Pikel with your +2 dagger.
Pikel is severely wounded.
You hit Pikel with your +5 dagger. Pikel hits you but does no damage.
You closely miss Pikel with your +2 dagger.
Pikel is almost dead.
You hit Pikel with your +5 dagger.
Pikel hits you with a +0 whip of freezing!
You die...
Pikel says, "See you in Hell!"
Your body crumbles into a pile of gold.

###..##...##...........
##.##...##.#.........
#.............#.....
#####..###.#........
#.........†.....
#.##......#..... ###.#
.#.##.#..... #...# #
#........ #♣##..#
#.#.))... ####K##.###..
#...... ##..g5.......
#.#.... #....#......#
#.##...
.........##......# #.
.... ........## ......#
#. .### .......##
......# ....... #######
.......


You could see Pikel, a lemure and a goblin.

Vanquished Creatures
  Grinder (D:4)
  3 lemures (D:4)
  A howler monkey (D:3)
  A hound (D:4)
  Jessica (D:2)
  4 adders
  A dart slug (D:2)
  A ribbon worm (D:2)
  3 orcs (D:3)
  6 ball pythons
  6 bats
  7 endoplasms
  2 giant cockroaches (D:1)
  10 hobgoblins
  2 quokkas (D:3)
  2 frilled lizards
  6 goblins
  7 kobolds
  8 rats
72 creatures vanquished.

Notes
Turn   | Place    | Note
-------+----------+-------------------------------------------
     0 | D:1      | lunkers the Coglin Brigand began the quest for the Orb.
     0 | D:1      | Reached XP level 1. HP: 16/16 MP: 1/1
    73 | D:1      | Reached skill level 2 in Short Blades
   121 | D:1      | Reached XP level 2. HP: 18/22 MP: 2/2
   279 | D:1      | Found Bipsu's Magic Scroll Shop.
   406 | D:1      | Reached skill level 3 in Short Blades
   423 | D:1      | Reached XP level 3. HP: 20/27 MP: 3/3
   906 | D:2      | Reached XP level 4. HP: 31/33 MP: 4/4
   916 | D:2      | Noticed Jessica
   923 | D:2      | Killed Jessica
   924 | D:2      | Reached skill level 4 in Short Blades
  1174 | D:3      | Found the +5 woodcutter's axe
  1431 | D:3      | Reached XP level 5. HP: 38/38 MP: 5/5
  1739 | D:3      | Reached skill level 5 in Short Blades
  1866 | D:4      | Noticed Grinder
  1895 | D:4      | Paralysed by Grinder for 5 turns
  1906 | D:4      | Killed Grinder
  1907 | D:4      | Reached skill level 6 in Short Blades
  1907 | D:4      | Reached XP level 6. HP: 34/44 MP: 6/6
  1973 | D:4      | Found a staircase to the Ecumenical Temple.
  1991 | Temple   | Entered the Ecumenical Temple
  1999 | Temple   | Became a worshipper of Gozag Ym Sagoz the Greedy
  2020 | D:4      | Noticed Pikel
  2070 | D:4      | Slain by Pikel

Illustrated notes

Levels and vault maps discovered:
D:1:      kennysheep_arrival_seaside, layout_rooms, serial_shops, shop,
          minmay_misc_feat_doors
D:2:      layout_basic, uniq_jessica
D:3:      layout_basic, kennysheep_generic_room_14
D:4:      layout_rooms, minmay_temple_entry_stoned_glass,
          nicolae_ossuary_entry_giza, nicolae_elevator_lobby_plus, uniq_pikel,
          uniq_grinder
Temple:   nicolae_temple_two_arcs

Skill      XL: |  1  2  3  4  5 |
---------------+----------------+-----
Short Blades   | 2 3 4 6 |  6.5
Fighting       | |  2.0
Throwing       | |  1.7
Dodging        | |  0.8
Stealth        | |  3.2

Action                     |  1- 3 |  4- 6 || total
---------------------------+-------+-------++-------
  Melee: Dagger            |   162 |   231 ||   393
    Use: Scroll            |       |     8 ||     8
         Potion            |       |     2 ||     2
   Stab: Sleeping          |     8 |     2 ||    10
 Armour: Ring mail         |    61 |     5 ||    66
         Skin              |       |    37 ||    37
         Troll leather arm |       |    37 ||    37
  Dodge: Dodged            |    53 |    37 ||    90

Table legend: (Time is in decaauts)
 A = Elapsed time spent in this place.
 B = Non-inter-level travel time spent in this place.
 C = Inter-level travel time spent in this place.
 D = Time resting spent in this place.
 E = Time spent auto-exploring this place.
 F = Levels seen in this place.
 G = Mean time per level.
                   A        B        C        D        E       F      G
               +--------+--------+--------+--------+--------+-----+--------+
         Total |   2028 |   1926 |    102 |      0 |   1362 |   5 |  405.6 |
       Dungeon |   2011 |   1924 |     87 |      0 |   1362 |   4 |  502.8 |
        Temple |     16 |      1 |     15 |      0 |      0 |   1 |   16.0 |
               +--------+--------+--------+--------+--------+-----+--------+

Top non-repeatable levels by time:
     D:3: 680 daAuts
     D:1: 640 daAuts
     D:2: 506 daAuts
     D:4: 184 daAuts
  Temple: 16 daAuts
